AoeStats
← VeteRocha

Four Lakes

509521475Analyzed
1v1 RM · 5d ago on Sep 27, 2026· 48m 48s· 2 players
Game mode
Random Map
Map size
Tiny (2 player)
Population
200
Speed
Normal
Resources
Standard
Victory
Conquest
Starting age
Dark Age
Ending age
Imperial Age
RankedLock teamsTeams togetherTeam positionsShared explorationLock speedFull tech treeHidden civsTurbo modeCheats
Victory
Defeat
🇦🇷 Franks · Argentina
1073
+14
🇦🇷 Lithuanians · Argentina
1020
-14
Don Vito
10:50 Feudal Age
11:38 Loom
17:10 Castle Age
15:05 Double-Bit Axe
20:34 Bloodlines
22:33 Man-at-Arms
30:06 Scale Barding Armor
30:11 Forging
32:40 Iron Casting
32:49 Husbandry
34:05 Chain Barding Armor
VeteRocha
9:24 Feudal Age
9:11 Loom
16:32 Castle Age
16:30 Double-Bit Axe
22:26 Fletching
30:05 Padded Archer Armor
30:07 Bodkin Arrow
33:38 Stone Mining
33:42 Gold Mining
34:53 Forging
35:06 Pikeman
35:52 Scale Mail Armor
36:50 Iron Casting
44:49 Imperial Age
Connection lost

Rejoining the realm…

Still unreachable

The connection could not be restored.

Session expired

The server has moved on; the page needs a fresh start.